 Dungeon Crawl Stone Soup version 0.25.1-2-g60ff931df9 (console) character file.

Game seed: 14047807483502458665

102 Colgate the Grasshopper (level 4, 34/34 HPs)
             Began as a Gnoll Warper on Aug 25, 2020.
             Was an Initiate of Hepliaklqana.
             Quit the game on level 3 of the Dungeon.
             The game lasted 00:20:15 (2015 turns).

Colgate the Grasshopper (Gnoll Warper)              Turns: 2015, Time: 00:20:16

Health: 34/34      AC:  6    Str: 13    XL:     4   Next: 78%
Magic:  11/11      EV: 13    Int: 17    God:    Hepliaklqana [......]
Gold:   63         SH:  0    Dex: 14    Spells: 6/13 levels left

rFire    . . .     SeeInvis .     - Unarmed
rCold    . . .     Gourm    .   (no shield)
rNeg     . . .     Faith    .   t - +0 ring mail
rPois    .         Spirit   .   r - +0 helmet
rElec    .         Reflect  .   (no cloak)
rCorr    .         Harm     .   (no gloves)
MR       .....                  (no boots)
Stlth    +.........             (no amulet)
HPRegen  0.11/turn              (no ring)
MPRegen  0.12/turn              (no ring)

@: no status effects
A: distributed training, reduced essence, fangs 1, strong nose
a: Recall Ancestor, Ancestor Identity, Renounce Religion


You were on level 3 of the Dungeon.
You worshipped Hepliaklqana.
Hepliaklqana was noncommittal.
You were not hungry.

You visited 1 branch of the dungeon, and saw 3 of its levels.

You collected 63 gold pieces.

Inventory:

Hand Weapons
 a - a +1 antimagic spear
 o - a +0 flail
Missiles
 d - 5 boomerangs of dispersal
 e - 6 boomerangs (quivered)
 j - 57 stones
 m - 15 arrows
 p - 12 bolts
 x - 25 sling bullets
Armour
 g - a +0 leather armour
 h - a +0 robe
 r - a +0 helmet (worn)
 t - a +0 ring mail (worn)
Scrolls
 b - 2 scrolls of immolation {unknown}
 c - a scroll of blinking
 i - 4 scrolls of remove curse {unknown}
 k - 3 scrolls of teleportation {unknown}
 l - 2 scrolls of random uselessness {unknown}
 s - a scroll of enchant weapon {unknown}
 w - a scroll of identify {unknown}
Potions
 n - 2 potions of flight {unknown}
 q - a potion of resistance {unknown}
 u - a potion of might {unknown}
 v - 2 potions of stabbing {unknown}
Comestibles
 f - 6 rations


   Skills:
 + Level 4.7 Fighting
 + Level 1.2 Short Blades
 + Level 1.2 Long Blades
 + Level 1.2 Axes
 + Level 1.2 Maces & Flails
 + Level 1.2 Polearms
 + Level 1.2 Staves
 + Level 1.2 Slings
 + Level 1.2 Bows
 + Level 1.2 Crossbows
 + Level 2.8 Throwing
 + Level 2.8 Armour
 + Level 4.7 Dodging
 + Level 1.2 Stealth
 + Level 1.2 Shields
 + Level 4.7 Unarmed Combat
 + Level 5.1 Spellcasting
 + Level 1.0 Conjurations
 + Level 1.0 Hexes
 + Level 1.0 Charms
 + Level 1.0 Summonings
 + Level 1.0 Necromancy
 + Level 5.5 Translocations
 + Level 1.0 Transmutations
 + Level 1.0 Fire Magic
 + Level 1.0 Ice Magic
 + Level 1.0 Air Magic
 + Level 1.0 Earth Magic
 + Level 1.0 Poison Magic
 + Level 1.3 Invocations
 + Level 1.2 Evocations


You had 6 spell levels left.
You knew the following spells:

 Your Spells              Type           Power        Failure   Level  Hunger
a - Blink                 Tloc           N/A          4%          2    #......
b - Shroud of Golubria    Chrm/Tloc      ###...       12%         2    #......
c - Gell's Gravitas       Tloc           ###.......   9%          3    ###....

Your spell library contained the following spells:

 Spells                   Type           Power        Failure   Level  Hunger
 Lesser Beckoning         Tloc           ###.......   9%          3    ###....
 Teleport Other           Tloc           ###.....     9%          3    ###....
 Passage of Golubria      Tloc           N/A          30%         4    ####...


Dungeon Overview and Level Annotations

Branches:
Dungeon (3/15)

Altars:
Hepliaklqana
Sif Muna
Xom


Innate Abilities, Weirdness & Mutations

Your experience applies equally to all skills.
You have very sharp teeth.
Your uncanny sense of smell can sniff out nearby items.
Your life essence is reduced to manifest your ancestor. (-10% HP)


Message History

Aim: an orc, wielding a +0 mace (heavily wounded)
You could not reach far enough!
The orc hits Tuzg with a +0 mace.
Tuzg hits the orc.
The orc dies!
You feel magic returning to you.
You are now empty-handed.
Ancestor HP restored.
Some of the chunks of flesh in your inventory have rotted away.
All of the chunks of flesh in your inventory have rotted away.
A ball python comes into view.
You swap places.
You hit the ball python. Your bite misses the ball python.
The ball python is severely wounded.
The ball python misses you. x2
You hit the ball python.
You kill the ball python!
Magic restored.
HP restored.
You swap places.
A jackal comes into view.
A jackal is nearby!
Are you sure you want to abandon this character and quit the game? (Confirm with "yes".)

## ####### ∆ #..
##.....# #.#
#......#### #
###.###..........
#.#.....#......#
##.#.....#..<...#
[........[)######
∆ #.#.......#
#...).....#
#..##R##.## #.
#@#.#.#
...h..!###...
.###..# #..# ....
#$.# #### ..# .
.#


You could see the friendly Tuzg the ancestor and a jackal.

Vanquished Creatures
  2 gnolls
  An adder (D:2)
  An ooze (D:3)
  4 dart slugs
  3 leopard geckos
  An orc (D:3)
  A ball python (D:3)
  5 goblins
  2 hobgoblins
  6 bats
  3 frilled lizards
  4 kobolds
  3 rats
36 creatures vanquished.

Vanquished Creatures (collateral kills)
  A gnoll (D:3)
  An adder (D:2)
  A dart slug (D:2)
  An orc (D:3)
  A goblin (D:3)
5 creatures vanquished.

Vanquished Creatures (others)
  An ancestor (D:3)
1 creature vanquished.

Grand Total: 42 creatures vanquished

Notes
Turn   | Place    | Note
-------+----------+-------------------------------------------
     0 | D:1      | Colgate the Gnoll Warper began the quest for the Orb.
     0 | D:1      | Reached XP level 1. HP: 20/20 MP: 6/6
   155 | D:1      | Reached XP level 2. HP: 26/26 MP: 7/7
   159 | D:1      | Learned a level 2 spell: Blink
   162 | D:1      | Learned a level 2 spell: Shroud of Golubria
  1019 | D:2      | Reached XP level 3. HP: 31/31 MP: 9/9
  1030 | D:2      | Learned a level 3 spell: Gell's Gravitas
  1053 | D:2      | Reached skill level 5 in Spellcasting
  1177 | D:2      | Found a shimmering blue altar of Sif Muna.
  1184 | D:2      | Found a shimmering altar of Xom.
  1196 | D:2      | Found a hazy altar of Hepliaklqana.
  1211 | D:2      | Became a worshipper of Hepliaklqana the Forgotten
  1332 | D:2      | Reached skill level 1 in Invocations
  1424 | D:2      | Reached skill level 1 in Short Blades
  1424 | D:2      | Reached skill level 1 in Long Blades
  1424 | D:2      | Reached skill level 1 in Axes
  1424 | D:2      | Reached skill level 1 in Maces & Flails
  1424 | D:2      | Reached skill level 1 in Polearms
  1424 | D:2      | Reached skill level 1 in Staves
  1424 | D:2      | Reached skill level 1 in Slings
  1424 | D:2      | Reached skill level 1 in Bows
  1424 | D:2      | Reached skill level 1 in Crossbows
  1424 | D:2      | Reached skill level 1 in Stealth
  1424 | D:2      | Reached skill level 1 in Shields
  1424 | D:2      | Reached skill level 1 in Evocations
  1424 | D:2      | Reached XP level 4. HP: 34/34 MP: 3/11
  1893 | D:3      | Reached skill level 1 in Conjurations
  1893 | D:3      | Reached skill level 1 in Hexes
  1893 | D:3      | Reached skill level 1 in Charms
  1893 | D:3      | Reached skill level 1 in Summonings
  1893 | D:3      | Reached skill level 1 in Necromancy
  1893 | D:3      | Reached skill level 1 in Transmutations
  1893 | D:3      | Reached skill level 1 in Fire Magic
  1893 | D:3      | Reached skill level 1 in Ice Magic
  1893 | D:3      | Reached skill level 1 in Air Magic
  1893 | D:3      | Reached skill level 1 in Earth Magic
  1893 | D:3      | Reached skill level 1 in Poison Magic
  2015 | D:3      | Quit the game

Illustrated notes

Levels and vault maps discovered:
D:1:      heliophobic_arrival_dark_side_of_the_moon, layout_loops_ring,
          serial_glass, glass_columns_a, glass_columns_a, glass_columns_a,
          glass_columns_b, glass_columns_a, glass_columns_a, item_on_display_b,
          minivault_19
D:2:      layout_rooms, minmay_overflow_temple_star_quad,
          chequers_serial_rivers_marsh
D:3:      layout_loops_ring, uniq_sigmund, uniq_grinder

Skill      XL: |  1  2  3  4 |
---------------+-------------+-----
Spellcasting   | 5 |  5.1
Invocations    | 1 |  1.3
Short Blades   | 1 |  1.2
Long Blades    | 1 |  1.2
Axes           | 1 |  1.2
Maces & Flails | 1 |  1.2
Polearms       | 1 |  1.2
Staves         | 1 |  1.2
Slings         | 1 |  1.2
Bows           | 1 |  1.2
Crossbows      | 1 |  1.2
Stealth        | 1 |  1.2
Shields        | 1 |  1.2
Evocations     | 1 |  1.2
Conjurations   | 1 |  1.0
Hexes          | 1 |  1.0
Charms         | 1 |  1.0
Summonings     | 1 |  1.0
Necromancy     | 1 |  1.0
Transmutations | 1 |  1.0
Fire Magic     | 1 |  1.0
Ice Magic      | 1 |  1.0
Air Magic      | 1 |  1.0
Earth Magic    | 1 |  1.0
Poison Magic   | 1 |  1.0
Fighting       | |  4.7
Throwing       | |  2.8
Armour         | |  2.8
Dodging        | |  4.7
Unarmed Combat | |  4.7
Translocations | |  5.5

Action                   |  1- 3 |  4- 6 || total
-------------------------+-------+-------++-------
Melee: Unarmed           |    57 |    26 ||    83
       Bite              |     5 |     3 ||     8
       Spear             |     2 |     2 ||     4
       Punch             |       |     2 ||     2
Throw: Boomerang         |    41 |     4 ||    45
 Cast: Shroud of Golubri |     1 |     3 ||     4
Invok: Ancestor Identity |     1 |       ||     1
 Stab: Sleeping          |     1 |     1 ||     2
  Eat: Chunk             |     2 |     1 ||     3
Armor: Leather armour    |    14 |       ||    14
       Ring mail         |       |     2 ||     2
Dodge: Dodged            |    42 |    14 ||    56
